 Dungeon Crawl Stone Soup version 0.28-a0-1312-g71652a0310 (webtiles) character file.

Game seed: 13347126921192154147

1381 blank1 the Magician (level 8, -3/61 HPs)
             Began as a Mummy Necromancer on Dec 27, 2021.
             Was an Initiate of Vehumet.
             Slain by a komodo dragon (20 damage)
             ... on level 6 of the Dungeon.
             The game lasted 00:28:43 (6487 turns).

blank1 the Magician (Mummy Necromancer)             Turns: 6487, Time: 00:28:44

Health: -3/61      AC:  8    Str: 11    XL:     8   Next: 39%
Magic:  7/18       EV: 13    Int: 16    God:    Vehumet [......]
Gold:   205        SH:  5    Dex: 13    Spells: 12/21 levels left

rFire   . . .      SeeInvis .   p - +10 whip of Discretion {vorpal, rF+ rC++ Stlth+}
rCold   + + +      Faith    .   (no shield)
rNeg    + + +      Spirit   .   a - +0 robe
rPois   ∞          Reflect  +   k - +0 helmet
rElec   .          Harm     .   i - +2 cloak
rCorr   .          Rampage  .   r - +0 pair of gloves
Will    +....                   b - +0 pair of boots
Stlth   +++.......              n - amulet of reflection
HPRegen 0.20/turn               (no ring)
MPRegen 0.16/turn               (no ring)

@: no status effects
A: cold resistance 1, negative energy resistance 3, torment resistance 2, heat
vulnerability 1, no potions
a: Renounce Religion


You were on level 6 of the Dungeon.
You worshipped Vehumet.
Vehumet was noncommittal.
You visited 2 branches of the dungeon, and saw 7 of its levels.

You collected 205 gold pieces.

Inventory:

Hand Weapons
 p - the +10 whip of Discretion (weapon) {vorpal, rF+ rC++ Stlth+}
   (You found it on level 4 of the Dungeon)

   It inflicts extra damage upon your enemies.
   rF:        It protects you from fire.
   rC:        It greatly protects you from cold.
   Stlth:     It makes you more stealthy.
Armour
 a - a +0 robe (worn)
 b - a +0 pair of boots (worn)
 i - a +2 cloak (worn)
 k - a +0 helmet (worn)
 q - a +0 kite shield
 r - a +0 pair of gloves (worn)
Magical Staves
 h - a staff of conjuration
Jewellery
 n - an amulet of reflection (around neck)
Scrolls
 c - a scroll of enchant weapon
 e - 2 scrolls of enchant armour
 f - 2 scrolls of fog
 g - a scroll of teleportation
 j - a scroll of vulnerability
 l - a scroll of immolation
 m - 2 scrolls of blinking
 o - a scroll of identify


   Skills:
 + Level 4.8 Fighting
 - Level 2.0 Maces & Flails
 - Level 1.0 Armour
 + Level 4.6 Dodging
 - Level 1.5 Stealth
 - Level 7.0 Spellcasting
 - Level 1.0 Conjurations
 - Level 5.0 Necromancy
 - Level 1.0 Evocations


You had 12 spell levels left.
You knew the following spells:

 Your Spells              Type           Power      Damage    Failure   Level
a - Pain                  Necr           84%        1d8       1%          1
b - Animate Skeleton      Necr           42%        N/A       1%          1
c - Vampiric Draining     Necr           21%        2d7       4%          3
d - Animate Dead          Necr           10%        N/A       16%         4

Your spell library contained the following spells:

 Spells                   Type           Power      Damage    Failure   Level
 Summon Small Mammal      Summ           20%        N/A       12%         1
 Call Canine Familiar     Summ           5%         N/A       36%         3
 Summon Guardian Golem    Hex/Summ       5%         N/A       36%         3
 Agony                    Necr           21%        N/A       41%         5


Dungeon Overview and Level Annotations

Branches:
Dungeon (6/15)             Temple (1/1) D:5

Altars:
Ashenzari
Dithmenos
Fedhas
Gozag
Hepliaklqana
Kikubaaqudgha
Makhleb
Okawaru
Qazlal
Ru
Sif Muna
Trog
Uskayaw
Vehumet
Wu Jian
Xom
Yredelemnul
Zin
The Shining One

Shops:
D:2 [


Innate Abilities, Weirdness & Mutations

You are immune to poison.
Your flesh is cold resistant. (rC+)
You are immune to negative energy. (rN+++)
You are immune to unholy pain and torment.
You are vulnerable to heat. (rF-)
You do not drink.


Message History

Orders for allies: a - Attack new target. r - Retreat! s - Stop attacking. g - Guard the area. f - Follow me.
Anything else - Cancel.
Gang up on whom?
Press: ? - help, Dir - move target, f - komodo dragon
Aim: a komodo dragon Attack!
Your ogre zombie hits the komodo dragon with a +0 giant spiked club!
You whack the komodo dragon!
The komodo dragon is heavily wounded.
The komodo dragon bites you!
You hit the komodo dragon.
The komodo dragon is heavily wounded.
Your ogre zombie crumbles into dust!
The komodo dragon misses you.
A quokka comes into view.
You hit the komodo dragon.
The komodo dragon is heavily wounded.
You block the komodo dragon's attack.
You closely miss the komodo dragon.
The komodo dragon is heavily wounded.
The komodo dragon bites you!!
* * * LOW HITPOINT WARNING * * *
Casting: Animate Dead (dangerous; 16% risk of failure)
Confirm with . or Enter, or press ? or * to list all spells.
Aiming: Vampiric Draining (dangerous; 4% risk of failure)
Press: ? - help, Shift-Dir - straight line, f/p - komodo dragon
Aim: a komodo dragon (heavily wounded)
You draw life force from the komodo dragon!
You feel life coursing into your body. The komodo dragon closely misses you.
Unknown command.
Casting: Vampiric Draining (dangerous; 4% risk of failure)
Confirm with . or Enter, or press ? or * to list all spells.
Aiming: Vampiric Draining (dangerous; 4% risk of failure)
Press: ? - help, Shift-Dir - straight line, f/p - komodo dragon
Aim: a komodo dragon (almost dead)
You draw life force from the komodo dragon.
You feel life coursing into your body. The komodo dragon bites you!!
You die...

#.....<....##.##........##
##.......#............###
#..##..#[............##
#.. #..#...)..........#
##. #...............###
##.........##.....#####
###.......#######..#....
#......lr.## #...#...
...##..@...# ## ##Z.#.#.
#... ##.......#.##..<#Z#
### #...##.......###.##
#.......#....##....
..#######.......... ##.
..<.#.!...Z.. ..
#.#..#...##... .. ..
#.....###... #
...#......<.


You could see a komodo dragon and a quokka.

Vanquished Creatures
  Duvessa (D:5)
  3 ogres
  2 centaurs (D:4)
  2 necrophages (D:5)
  A scorpion (D:5)
  Dowan (D:5)
  A howler monkey (D:5)
  A centaur zombie (D:5)
  A bullfrog zombie (D:6)
  An orc priest (D:6)
  A jelly (D:5)
  2 hounds
  A gnoll shaman (D:5)
  An iguana (D:5)
  A killer bee zombie (D:6)
  2 hound skeletons
  Robin (D:3)
  12 gnolls
  5 adders
  A white imp (D:6)
  A worm (D:6)
  2 dart slugs
  13 orcs
  6 ball pythons
  7 endoplasms
  3 giant cockroaches
  11 goblins
  3 hobgoblins
  3 jackals
  8 kobolds
  6 quokkas
  7 bats
  2 frilled lizards
  2 rats (D:1)
115 creatures vanquished.

Notes
Turn   | Place    | Note
-------+----------+-------------------------------------------
     0 | D:1      | blank1 the Mummy Necromancer began the quest for the Orb.
     0 | D:1      | Reached XP level 1. HP: 13/13 MP: 4/4
   489 | D:1      | Reached XP level 2. HP: 20/20 MP: 1/5
   491 | D:1      | Learned a level 1 spell: Animate Skeleton
   560 | D:1      | Reached skill level 3 in Spellcasting
   974 | D:1      | Found a faded altar of an unknown god.
  1075 | D:2      | Reached skill level 1 in Fighting
  1081 | D:2      | Reached XP level 3. HP: 26/26 MP: 1/7
  1328 | D:2      | Learned a level 3 spell: Vampiric Draining
  1589 | D:1      | Reached XP level 4. HP: 9/32 MP: 6/9
  1901 | D:2      | Found Ysmut's Armour Emporium.
  1919 | D:2      | Reached skill level 4 in Spellcasting
  2289 | D:2      | Reached skill level 5 in Necromancy
  2968 | D:3      | Noticed Robin
  3007 | D:3      | Killed Robin
  3193 | D:3      | Reached XP level 5. HP: 37/37 MP: 8/11
  3613 | D:3      | Found a stormy altar of Qazlal.
  3936 | D:4      | Noticed a centaur
  3965 | D:4      | Killed a centaur
  3966 | D:4      | Reached skill level 1 in Evocations
  4239 | D:4      | Identified the +10 whip of Discretion {vorpal, rF+ rC++
                  | Stlth+}
  4474 | D:5      | Entered Level 5 of the Dungeon
  4485 | D:5      | Noticed a centaur
  4486 | D:5      | Reached XP level 6. HP: 44/44 MP: 7/12
  4495 | D:4      | Reached skill level 1 in Conjurations
  4625 | D:4      | Reached skill level 1 in Maces & Flails
  4625 | D:4      | Reached skill level 5 in Spellcasting
  5053 | D:5      | Found a staircase to the Ecumenical Temple.
  5064 | Temple   | Entered the Ecumenical Temple
  5165 | Temple   | Became a worshipper of Vehumet
  5280 | D:5      | Noticed Duvessa
  5280 | D:5      | Noticed Dowan
  5429 | D:5      | Reached XP level 7. HP: 26/51 MP: 8/15
  5631 | D:5      | Reached skill level 1 in Armour
  5631 | D:5      | Reached skill level 6 in Spellcasting
  5882 | D:5      | Learned a level 4 spell: Animate Dead
  6171 | D:5      | Killed Duvessa
  6172 | D:5      | Reached skill level 7 in Spellcasting
  6198 | D:5      | Killed Dowan
  6199 | D:5      | Reached XP level 8. HP: 34/58 MP: 12/18
  6364 | D:6      | Noticed a komodo dragon
  6487 | D:6      | Slain by a komodo dragon

Illustrated notes

Levels and vault maps discovered:
D:1:      minmay_arrival_up_and_down, layout_rooms,
          ebering_ecumenical_altar_petrified, st_stairs_14
D:2:      layout_loops_ring, serial_shops, shop, hangedman_decor_peaks_small,
          minmay_strange_pillars
D:3:      layout_loops_corners, marbit_many_paths, uniq_robin
D:4:      layout_cave_pools
D:5:      layout_basic, minmay_temple_entry_glassed_door, uniq_duvessa
D:6:      layout_cave_pools, slow_altar_1, serial_glass, glass_columns_a,
          glass_columns_a, glass_columns_a, due_unseen_surprise,
          minmay_strange_pillars, portal_sewer_entry_f,
          kennysheep_generic_room_9
Temple:   compressed_dpeg_circular_temple

Skill      XL: |  1  2  3  4  5  6  7  8 |
---------------+-------------------------+-----
Spellcasting   | 3 4 5 7 |  7.0
Fighting       | 1 2 3 4 |  4.8
Dodging        | 2 3 4 |  4.6
Necromancy     | 5 |  5.0
Evocations     | 1 |  1.0
Conjurations   | 1 |  1.0
Maces & Flails | 2 |  2.0
Armour         | 1 |  1.0
Stealth        | |  1.5

Action                   |  1- 3 |  4- 6 |  7- 9 || total
-------------------------+-------+-------+-------++-------
Melee: Unarmed           |     6 |       |       ||     6
       Club              |    15 |     1 |       ||    16
       Staff             |       |    14 |       ||    14
       Whip              |       |    20 |    67 ||    87
 Cast: Pain              |    70 |   142 |    36 ||   248
       Animate Skeleton  |     4 |     2 |     3 ||     9
       Vampiric Draining |       |     3 |     4 ||     7
       Animate Dead      |       |       |     1 ||     1
  Use: Scroll            |       |     7 |     2 ||     9
Armor: Robe              |    16 |    32 |    17 ||    65
Dodge: Dodged            |    47 |    55 |    39 ||   141
Block: Other             |       |    19 |    15 ||    34
       Reflection        |       |     2 |     1 ||     3

Table legend: (Time is in decaauts)
 A = Elapsed time spent in this place.
 B = Non-inter-level travel time spent in this place.
 C = Inter-level travel time spent in this place.
 D = Time resting spent in this place.
 E = Time spent auto-exploring this place.
 F = Levels seen in this place.
 G = Mean time per level.
                   A        B        C        D        E       F      G
               +--------+--------+--------+--------+--------+-----+--------+
         Total |   6511 |   6014 |    497 |   1018 |   3484 |   7 |  930.1 |
       Dungeon |   6363 |   5924 |    439 |   1018 |   3425 |   6 | 1060.5 |
        Temple |    147 |     89 |     58 |      0 |     59 |   1 |  147.0 |
               +--------+--------+--------+--------+--------+-----+--------+

Top non-repeatable levels by time:
     D:1: 1463 daAuts
     D:5: 1375 daAuts
     D:3: 1329 daAuts
     D:2: 1155 daAuts
     D:4: 922 daAuts
  Temple: 147 daAuts
     D:6: 117 daAuts
